cohdb
Replays
Latest Replays
All Replays
Popular Replays
Top Player Replays
Match Explorer
How It Works
Community
CoH3 Stats
Reddit
Sign in to upload your games and track your stats! →
Sign in with Steam
Match 47424505
Unlisted
Match 47424505
Overview
Messages
Build Orders
End
Panzerpioneer Squad
250 Light Carrier
Selects Panzerjäger Kommand Battlegroup
Panzergrenadier Squad
Construct Light Support Kompanie
Selects Blockade Equipment
Panzergrenadier Squad
Combat Half-tracks
Selects GrB 39 Grenade Launcher Requisition
Fire Support Elements
Veteran Squad Leaders
2.5-tonne Medical Truck
Panzerjäger Mechanized Group
Vehicle Survival Package
Selects Defensive Positions
Construct Panzerarmee Kommand
Tungsten Core Ammunition
Selects Crew Shock Tactics
VndctL
Beta
冲锋大哥
老李の昏睡红茶
코카콜라제로
风峣
Peaky Blinders
potatoo
0
0
Comments
sign in to comment!
No comments posted yet!